 Dungeon Crawl Stone Soup version 0.29-a0-234-g0dae59b3db (webtiles) character file.

Game seed: 2934638539791829456

3700 enile the Fighter (level 10, 0/83 (85) HPs)
             Began as a Formicid Fighter on Mar 4, 2022.
             Was a High Priest of Wu Jian.
             Killed from afar by an electric eel (13 damage)
             ... with a bolt of electricity
             ... on level 7 of the Dungeon.
             The game lasted 00:15:22 (6707 turns).

enile the Fighter (Formicid Fighter)                Turns: 6707, Time: 00:15:23

HP:   0/83 (85)     AC: 16    Str: 22    XL:     10   Next: 35%
MP:   19/19         EV: 11    Int: 16    God:    Wu Jian [*****.]
Gold: 85            SH:  5    Dex: 12    Spells: 9/9 levels left

rFire   + . .      SeeInvis +   a - +1 quarterstaff (vamp)
rCold   . . .      Faith    .   c - +0 buckler
rNeg    + . .      Spirit   .   F - +6 scale mail "Umupsec" {Fly Int+7}
rPois   +          Reflect  .   (helmet unavailable)
rElec   .          Harm     .   (no cloak)
rCorr   .          Rampage  .   (no gloves)
Will    +....                   d - +1 pair of boots "Dosoept" {rPois Regen+ MP+9 SInv}
Stlth   +.........              f - amulet of regeneration
HPRegen 1.83/turn               l - ring of positive energy
MPRegen 0.16/turn               s - ring of protection from fire

@: flying, lightly drained
A: permanent stasis, dig shafts and tunnels, antennae 3, four strong arms
a: Dig, Shaft Self, Renounce Religion, Wall Jump, Serpent's Lash, Heavenly Storm


You were on level 7 of the Dungeon.
You worshipped Wu Jian.
Wu Jian was extremely pleased with you.
You visited 1 branch of the dungeon, and saw 7 of its levels.
You also visited: Sewer.

You collected 385 gold pieces.
You spent 300 gold pieces at shops.

Inventory:

Hand Weapons
 a - a +1 vampiric quarterstaff (weapon)
 k - a +0 morningstar
 z - a +1 mace of draining
Missiles
 D - 11 poisoned darts
 J - 4 curare-tipped darts
Armour
 b - a +0 scale mail
 c - a +0 buckler (worn)
 d - the +1 pair of boots "Dosoept" (worn) {rPois Regen+ MP+9 SInv}
   (You acquired it in a sewer)

   rPois:     It protects you from poison.
   MP:        It affects your magic capacity (+9).
   SInv:      It lets you see invisible.
   Regen:     It increases your rate of health regeneration.
 n - a +1 leather armour of poison resistance
 E - a +1 ring mail of poison resistance
 F - the +6 scale mail "Umupsec" (worn) {Fly Int+7}
   (You bought it in a shop on level 2 of the Dungeon)

   Int:       It affects your intelligence (+7).
   Fly:       It grants you flight.
 L - a +2 scale mail of willpower
 M - +0 steam dragon scales
Jewellery
 f - an amulet of regeneration (around neck)
 l - a ring of positive energy (left hand)
 o - a ring of positive energy
 s - a ring of protection from fire (right hand)
 H - an amulet of faith
 I - the ring "Kecaghax" {Fire Stlth+}
   (You found it on level 6 of the Dungeon)

   [ring of fire]

   It enhances your fire magic.
   rF:        It protects you from fire.
   rC:        It makes you vulnerable to cold.
   Stlth:     It makes you more stealthy.
 K - a +6 ring of intelligence
Wands
 g - a wand of iceblast (21)
 h - a wand of digging (6)
 j - a wand of acid (11)
Scrolls
 m - 6 scrolls of teleportation
 p - 2 scrolls of amnesia
 r - 2 scrolls of fear {unknown}
 v - a scroll of fog
 y - a scroll of noise {unknown}
 A - 2 scrolls of identify
 B - a scroll of vulnerability {unknown}
 C - a scroll of enchant armour {unknown}
 G - a scroll of blinking {unknown}
 N - a scroll of immolation {unknown}
Potions
 e - a potion of invisibility {unknown}
 i - a potion of brilliance
 q - 3 potions of flight
 t - 3 potions of haste {unknown}
 u - a potion of mutation {unknown}
 w - 2 potions of magic {unknown}
 x - a potion of curing


   Skills:
 - Level 10.0 Fighting
 - Level 3.0 Staves
 - Level 7.0 Armour
 + Level 4.5 Dodging
 - Level 4.0 Stealth
 - Level 7.0 Shields
 - Level 6.0 Evocations


You had 9 spell levels left.
You didn't know any spells.
Your spell library contained the following spells:

 Spells                   Type           Power      Damage    Failure   Level
 Sandblast                Erth           0%         2d4       56%         1
 Dazzling Flash           Conj/Hex       0%         N/A       91%         3
 Fulminant Prism          Conj/Hex       0%         3d6       100%        4
 Yara's Violent Unravell  Hex/Tmut       0%         3d3       100%        5


Dungeon Overview and Level Annotations

Branches:
Dungeon (7/15)             Temple (0/1) D:4           Sewer (visited)

Altars:
Cheibriados
Elyvilon
Nemelex Xobeh
Qazlal
Trog
Vehumet
Wu Jian
Yredelemnul

Shops:
D:2 *

Annotations:
D:6 4 runed translucent doors


Innate Abilities, Weirdness & Mutations

You cannot be hasted, slowed, berserked, paralysed or teleported.
You can dig through walls and to a lower floor.
You have a pair of large antennae on your head. (SInv)
Your four strong arms can wield two-handed weapons with a shield.


Message History

The bolt of electricity hits you! x2
The bolt of electricity hits the electric eel.
The electric eel completely resists.
You are too injured to fight recklessly!
You are too injured to fight recklessly!
You are too injured to fight recklessly!
You are too injured to fight recklessly!
You are too injured to fight recklessly!
An electric eel is nearby!
You miss the electric eel.
The electric eel is almost dead.
The electric eel shoots out a bolt of lightning at you!
The bolt of electricity hits you! The bolt of electricity hits you.
The bolt of electricity misses the electric eel.
You barely miss the electric eel.
The electric eel is almost dead.
The electric eel shoots out a bolt of lightning at you!
The bolt of electricity hits you! x2
* * * LOW HITPOINT WARNING * * *
The bolt of electricity hits the electric eel.
The electric eel completely resists.
Press: ? - help, v - describe, . - travel
Here: an electric eel (water, almost dead) Some deep water.
You barely miss the electric eel.
The electric eel is almost dead.
The electric eel shoots out a bolt of lightning at you!
The bolt of electricity hits you.
* * * LOW HITPOINT WARNING * * *
The bolt of electricity hits you.
* * * LOW HITPOINT WARNING * * *
The bolt of electricity hits the electric eel.
The electric eel completely resists.
You hit the electric eel.
The electric eel is almost dead.
The electric eel shoots out a bolt of lightning at you!
The bolt of electricity hits you.
* * * LOW HITPOINT WARNING * * *
The bolt of electricity hits you!
You die...

.##...≈≈≈≈≈≈≈≈.........#
......≈.......#######..#
......≈.######......#..#
......≈.#.... ≈≈≈≈≈.#..#
...###≈.# ≈≈≈ ...≈.#..#
...# #≈.#.≈...###.≈.#..#
...# #≈.#.≈.##._#.≈.#..#
...# #≈.#.≈.#...#.≈.#..#
...# #.≈.#.≈...S@#.≈.###
...###.≈.#.≈_.≈≈.#.≈.#
.......≈.#.≈≈≈...#.≈.#
>####..≈.#....####.≈.#
.. #..≈.#####. ..≈.# ..#
#..≈......≈ ≈≈≈≈.# ..#
#..≈≈≈≈≈≈≈.......#
#.........########
#.........#


You could see an electric eel.

Vanquished Creatures
  A cyclops (D:6)
  A shadow (D:6)
  A steam dragon (D:7)
  Menkaure (D:5)
  A water moccasin (D:3)
  An ice beast (D:6)
  2 orc warriors
  A sky beast (D:6)
  2 ogres (D:5)
  3 centaurs
  A phantom (D:5)
  3 bullfrogs
  7 scorpions
  5 wights (D:7)
  An electric eel (D:7)
  4 hounds
  2 jellies
  A gnoll shaman (D:5)
  7 orc priests
  Ijyb (D:5)
  5 iguanas
  5 orc wizards
  A merfolk avatar (Sewer)
  A merfolk siren (Sewer)
  5 adders
  13 gnolls
  2 river rats (Sewer)
  A shadow imp (D:6)
  A white imp (D:5)
  4 worms
  3 dart slugs
  22 orcs
  12 ball pythons
  9 endoplasms
  4 giant cockroaches
  3 goblins
  9 hobgoblins
  9 jackals
  5 kobolds
  4 quokkas
  3 bats
  3 frilled lizards
  27 rats
197 creatures vanquished.

Vanquished Creatures (others)
  A ball python (D:1)
1 creature vanquished.

Grand Total: 198 creatures vanquished

Notes
Turn   | Place    | Note
-------+----------+-------------------------------------------
     0 | D:1      | enile the Formicid Fighter began the quest for the Orb.
     0 | D:1      | Reached XP level 1. HP: 18/18 MP: 1/1
   108 | D:1      | Reached XP level 2. HP: 20/25 MP: 2/2
   252 | D:1      | Found a faded altar of an unknown god.
   257 | D:1      | Reached skill level 4 in Fighting
   498 | D:1      | Reached XP level 3. HP: 31/31 MP: 3/3
   740 | D:1      | Prayed at the altar of an unknown god.
   740 | D:1      | Became a worshipper of the Wu Jian Council
   740 | D:1      | Reached * piety under Wu Jian
  1162 | D:2      | Found Catomneq's Assorted Antiques.
  1349 | D:2      | Found a bloodstained altar of Trog.
  1473 | D:2      | Reached skill level 5 in Fighting
  1529 | D:2      | Reached XP level 4. HP: 35/39 MP: 4/4
  2017 | D:3      | Reached ** piety under Wu Jian
  2117 | D:3      | Found a glowing drain.
  2133 | Sewer    | Entered a sewer
  2167 | Sewer    | Reached skill level 5 in Shields
  2167 | Sewer    | Reached XP level 5. HP: 40/44 MP: 5/5
  2297 | Sewer    | Reached *** piety under Wu Jian
  2335 | Sewer    | Noticed a malarious merfolk avatar
  2378 | Sewer    | Identified a scroll of acquirement
  2378 | Sewer    | Acquired the +1 pair of boots "Dosoept" {rPois Regen+ MP+9
                  | SInv}
  2389 | Sewer    | Killed a malarious merfolk avatar
  2390 | Sewer    | Reached XP level 6. HP: 17/51 MP: 6/6
  2669 | D:3      | Noticed a water moccasin
  2683 | D:3      | Killed a water moccasin
  2684 | D:3      | Reached skill level 5 in Armour
  2684 | D:3      | Reached skill level 1 in Evocations
  2902 | D:4      | Reached XP level 7. HP: 52/56 MP: 7/7
  3103 | D:4      | Reached skill level 1 in Dodging
  3472 | D:4      | Found a white marble altar of Elyvilon.
  3647 | D:4      | Found a staircase to the Ecumenical Temple.
  3859 | D:5      | Entered Level 5 of the Dungeon
  3911 | D:5      | Noticed Menkaure
  3912 | D:5      | Killed Menkaure
  3913 | D:5      | Reached XP level 8. HP: 62/62 MP: 8/8
  4056 | D:5      | Noticed Ijyb
  4066 | D:5      | Killed Ijyb
  4235 | D:5      | Reached **** piety under Wu Jian
  4864 | D:5      | Reached skill level 6 in Fighting
  4873 | D:5      | Reached XP level 9. HP: 70/71 MP: 9/9
  4884 | D:5      | Reached skill level 7 in Fighting
  5049 | D:2      | Bought a distressingly furry scale mail for 270 gold pieces
  5049 | D:2      | Identified the +6 scale mail "Umupsec" {Fly Int+7} (You
                  | bought it in a shop on level 2 of the Dungeon)
  5049 | D:2      | Bought a scroll labelled POEKOH EXTAN for 30 gold pieces
  5149 | D:5      | Reached skill level 5 in Evocations
  5374 | D:6      | Found a large runed translucent door.
  5375 | D:6      | Found a large runed translucent door.
  5382 | D:6      | Found a large runed translucent door.
  5382 | D:6      | Found a large runed translucent door.
  5383 | D:6      | Noticed an eight-headed hydra
  5383 | D:6      | Noticed a troll
  5383 | D:6      | Identified the +6 morningstar "Beastbane" {vorpal, Dex+2}
  5813 | D:6      | Identified the ring "Kecaghax" {Fire Stlth+}
  5986 | D:6      | Noticed a cyclops
  5996 | D:6      | Killed a cyclops
  5997 | D:6      | Reached skill level 8 in Fighting
  5997 | D:6      | Reached ***** piety under Wu Jian
  6017 | D:6      | Got the Papyrus of the Dusty Oath
  6190 | D:6      | Reached XP level 10. HP: 82/82 MP: 10/10
  6234 | D:6      | Reached skill level 9 in Fighting
  6496 | D:7      | Found a snail-covered altar of Cheibriados.
  6498 | D:7      | Found a basalt altar of Yredelemnul.
  6501 | D:7      | Found a stormy altar of Qazlal.
  6522 | D:7      | Reached skill level 10 in Fighting
  6690 | D:7      | Found a sparkling altar of Nemelex Xobeh.
  6693 | D:7      | Found a radiant altar of Vehumet.
  6707 | D:7      | Killed from afar by an electric eel

Illustrated notes

Levels and vault maps discovered:
D:1:      psy_arrival_whirlpool, layout_loops_ring,
          hellmonk_ecumenical_altar_arch_garden, minmay_misc_feat_hallway,
          kennysheep_small_spiral
D:2:      wander_river, layout_basic, serial_shops, shop, basic_altar
D:3:      layout_basic, portal_sewer_entry_a
D:4:      layout_basic, mainiacjoe_overflow_surrounded_room, temple_doors_e,
          st_stairs_10
D:5:      minmay_chambers_of_threes, layout_loops_corners,
          chequers_serial_rivers_large_b, grunt_decor_mini_mirrors, uniq_ijyb,
          uniq_menkaure
D:6:      layout_gridville, minmay_hollow_rounded_squares
D:7:      layout_basic, gammafunk_temple_overflow_forgotten,
          nicolae_overflow_squiral, minivault_14

Skill      XL: |  1  2  3  4  5  6  7  8  9 10 |
---------------+-------------------------------+-----
Fighting       | 4 5 6 8 10 | 10.0
Shields        | 4 5 7 |  7.0
Armour         | 4 5 7 |  7.0
Staves         | 3 |  3.0
Evocations     | 2 4 6 |  6.0
Dodging        | 3 4 |  4.5
Stealth        | 3 4 |  4.0

Action                   |  1- 3 |  4- 6 |  7- 9 | 10-12 || total
-------------------------+-------+-------+-------+-------++-------
Melee: Quarterstaff      |   105 |   232 |   423 |   127 ||   887
Invok: Lunge             |     6 |     8 |    11 |     5 ||    30
       Whirlwind         |       |     5 |       |    17 ||    22
       Serpent's Lash    |       |     1 |       |       ||     1
  Use: Scroll            |       |     5 |     4 |       ||     9
       Potion            |       |     4 |     1 |       ||     5
Armor: Scale mail        |    44 |   125 |   182 |    54 ||   405
Dodge: Dodged            |    42 |   112 |   230 |    50 ||   434
Block: Buckler           |    22 |    51 |   132 |    25 ||   230

Table legend: (Time is in decaauts)
 A = Elapsed time spent in this place.
 B = Non-inter-level travel time spent in this place.
 C = Inter-level travel time spent in this place.
 D = Time resting spent in this place.
 E = Time spent auto-exploring this place.
 F = Levels seen in this place.
 G = Mean time per level.
                   A        B        C        D        E       F      G
               +--------+--------+--------+--------+--------+-----+--------+
         Total |   6971 |   6357 |    614 |    126 |   4243 |   8 |  871.4 |
       Dungeon |   6399 |   5785 |    614 |    126 |   3987 |   7 |  914.1 |
         Sewer |    571 |    571 |      0 |      0 |    256 |   1 |  571.0 |
               +--------+--------+--------+--------+--------+-----+--------+

Top non-repeatable levels by time:
     D:5: 1406 daAuts
     D:1: 1177 daAuts
     D:6: 1034 daAuts
     D:4: 916 daAuts
     D:3: 777 daAuts
     D:2: 717 daAuts
   Sewer: 571 daAuts
     D:7: 370 daAuts
